 Dungeon Crawl Stone Soup version 0.30.0-29-ga12c61a403 (webtiles) character file.

Game seed: 360971071280316908

746 KamiKatze the Chopper (level 7, -1/37 HPs)
             Began as a Vine Stalker Fighter on June 15, 2023.
             Succumbed to an orc warrior's poison
             ... on level 4 of the Dungeon.
             The game lasted 00:08:04 (2200 turns).

KamiKatze the Chopper (Vine Stalker Fighter)        Turns: 2200, Time: 00:08:04

Health: -1/37      AC: 10    Str: 21    XL:     7   Next: 77%
Magic:  6/8        EV: 11    Int:  8    God:
Gold:   100        SH:  6    Dex: 25    Spells: 6/6 levels left

rFire   . . .        B - +1 war axe (drain)
rCold   . . .        c - +0 buckler
rNeg    . . .        b - +0 scale mail
rPois   .            C - +0 helmet
rElec   .            g - +0 cloak
rCorr   .            f - +0 pair of gloves
SInv    .            (no boots)
Will    .....        (no amulet)
Stlth   +            l - +6 ring of dexterity
HPRegen 1.06/turn    s - +6 ring of dexterity
MPRegen 0.11/turn

%: guardian spirit
@: lethally poisoned (-1 -> -5)
A: fangs 2, regeneration 1, magic shield, antimagic bite, no potion heal 2
a: no special abilities


You were on level 4 of the Dungeon.
You visited 1 branch of the dungeon, and saw 4 of its levels.

You collected 100 gold pieces.

Inventory:

Hand Weapons
 a - a +0 war axe
 B - a +1 war axe of draining (weapon)
Missiles
 F - 3 poisoned darts (quivered)
Armour
 b - a +0 scale mail (worn)
 c - a +0 buckler (worn)
 f - a +0 pair of gloves (worn)
 g - a +0 cloak (worn)
 p - a +0 kite shield
 w - a +0 chain mail
 C - a +0 helmet (worn)
 E - a +0 ring mail of cold resistance
Jewellery
 l - a +6 ring of dexterity (left hand)
 s - a +6 ring of dexterity (right hand)
 x - a +6 ring of intelligence
Scrolls
 i - 4 scrolls of identify {unknown}
 j - 2 scrolls of noise {unknown}
 k - a scroll of butterflies {unknown}
 q - a scroll of magic mapping {unknown}
 r - 2 scrolls of teleportation {unknown}
 t - a scroll of enchant weapon {unknown}
 v - a scroll of torment {unknown}
 y - a scroll of fog {unknown}
 z - 2 scrolls of immolation {unknown}
Potions
 d - 2 potions of might
 e - 2 potions of flight {unknown}
 h - 2 potions of degeneration {unknown}
 m - a potion of cancellation {unknown}
 n - 2 potions of attraction {unknown}
 o - a potion of mutation {unknown}
 u - a potion of ambrosia {unknown}
 A - a potion of heal wounds {unknown}
 D - a potion of curing {unknown}


   Skills:
 + Level 3.9 Fighting
 * Level 4.3 Axes
 + Level 3.4 Armour
 + Level 2.3 Dodging
 - Level 4.0 Shields
 + Level 2.5 Evocations


You had 6 spell levels left.
You didn't know any spells.
Your spell library was empty.

Dungeon Overview and Level Annotations

Branches:
Dungeon (4/15)
 Temple: D:4-7

Altars:
Fedhas
Okawaru

Shops:
D:3 =

Portals:
Abyss: D:3

Annotations:
D:3 2 transporters, Sheol's ghost, amateur MiBe


Innate Abilities, Weirdness & Mutations

You have extremely sharp teeth.
Your natural rate of healing is unusually fast.
When hurt, damage is shared between your health and your magic reserves.
Your bite disrupts and absorbs the magic of your enemies.
Potions cannot restore your health.


Message History

The orc priest calls down the wrath of Beogh upon you.
Beogh smites you!
* * * LOW HITPOINT WARNING * * *
The orc warrior barely misses you.
The orc warrior attacks as you move away!
You block the orc warrior's attack.
You feel sick.
The orc priest looks encouraged for a moment.
Unknown command.
You slash the orc priest! You bite the orc priest! You drain its power.
You feel invigorated.
The orc priest is almost dead.
You hit the orc warrior but do no damage.
You drain the orc warrior.
You feel sick. The orc priest closely misses you.
The orc warrior hits you but does no damage.
You are more poisoned.
The orc priest casts a cantrip, but nothing happens.
The orc warrior barely misses you.
You closely miss the orc priest.
The orc priest is almost dead.
You barely miss the orc warrior.
You feel very sick. The orc priest barely misses you.
The orc warrior hits you with a +1 short sword of venom.
* * * LOW HITPOINT WARNING * * *
You are lethally poisoned!
You hit the orc priest.
You kill the orc priest!
You hit the orc warrior but do no damage.
You drain the orc warrior.
* * * LOW HITPOINT WARNING * * *
You feel very sick. The orc warrior barely misses you.
* * * LOW HITPOINT WARNING * * *
You feel very sick.
Things that are here:
a +0 club; an orc corpse You hit the orc warrior but do no damage.
You drain the orc warrior.
The orc warrior is severely wounded.
You die...

#.## ###.###.# #<# #...
#.......# #.# #..#
###.##### #.# #..#
####.#...# ...
#..###......#[## #.# #
#))........#...# ..# #.
#.#.###.....##.## ###
###..r
##o###.#####.#####
..o.B# ##@...#...#.#...#
##..w###.#####...#.#...#
#....#......#.........#
#.#######...P_P...# ###
#...PPP...# #...P.....#
##.......## #########


You could see an orc warrior (very drained).

Vanquished Creatures
  Sigmund (D:4)
  4 necrophages (D:4)
  A centaur zombie (D:4)
  2 orc priests
  An orc wizard (D:3)
  A howler monkey zombie (D:4)
  8 adders
  4 gnolls (D:2)
  An ufetubus (D:4)
  A worm (D:4)
  14 orcs
  3 bats
  4 endoplasms
  3 giant cockroaches
  3 goblins
  4 hobgoblins
  5 jackals
  5 kobolds
  4 quokkas
  6 ball pythons
  2 frilled lizards
  25 rats
102 creatures vanquished.

Notes
Turn   | Place    | Note
-------+----------+-------------------------------------------
     0 | D:1      | KamiKatze the Vine Stalker Fighter began the quest for the
                  | Orb.
     0 | D:1      | Reached XP level 1. HP: 11/11 MP: 2/2
    50 | D:1      | Reached XP level 2. HP: 6/16 MP: 0/3
   735 | D:2      | Found a faded altar of an unknown god.
   764 | D:2      | Reached XP level 3. HP: 18/19 MP: 4/4
   968 | D:2      | Gained mutation: Your natural rate of healing is unusually
                  | fast. [Vine Stalker growth]
   968 | D:2      | Reached XP level 4. HP: 8/23 MP: 1/5
  1080 | D:2      | Reached skill level 1 in Dodging
  1091 | D:2      | Reached skill level 1 in Evocations
  1091 | D:2      | Reached XP level 5. HP: 27/28 MP: 6/6
  1416 | D:3      | Found Anaroih's Jewellery Shoppe.
  1474 | D:3      | Found an iron altar of Okawaru.
  1575 | D:3      | Noticed Sheol's ghost (amateur MiBe)
  1578 | D:3      | Noticed a kobold brigand
  1582 | D:3      | Found a transporter.
  1592 | D:3      | Noticed a small abomination
  1648 | D:3      | Found a transporter.
  1656 | D:3      | Found a one-way gate to the infinite horrors of the Abyss.
  1700 | D:3      | Reached XP level 6. HP: 32/32 MP: 7/7
  2077 | D:4      | Found a blossoming altar of Fedhas.
  2126 | D:4      | Reached XP level 7. HP: 33/36 MP: 6/8
  2165 | D:4      | Noticed Sigmund
  2174 | D:4      | Killed Sigmund
  2199 | D:4      | HP: 1/37 [poisoned by an orc warrior]
  2200 | D:4      | Succumbed to an orc warrior's poison

Illustrated notes

Levels and vault maps discovered:
D:1:      dpeg_arrival_simpleton_b, layout_loops_ring
D:2:      layout_loops_ring, shapermc_ecumenical_altar_venn, minmay_rat_hole
D:3:      cheibrodos_old_hovel, layout_loops_ring, old_standard_altar,
          serial_shops, nicolae_shop_just_a_little_nook,
          gammafunk_ghost_abyssal_escape
D:4:      lemuel_castle_with_subvaults [lemuel_castle_interior_carwin_1],
          layout_loops_ring, led_xom_imps, fedhas_altar_decomposition,
          overflow_temple_1_default, amcnicky_altar_gilded, uniq_sigmund

Skill      XL: |  1  2  3  4  5  6  7 |
---------------+----------------------+-----
Axes           | 2 3 4 |  4.3
Shields        | 3 4 |  4.0
Fighting       | 3 |  3.9
Dodging        | 1 2 |  2.3
Evocations     | 1 2 |  2.5
Armour         | 3 |  3.4

Action                     |  1- 3 |  4- 6 |  7- 9 || total
---------------------------+-------+-------+-------++-------
  Melee: War axe           |    80 |   128 |    29 ||   237
         Bite              |    12 |    34 |     9 ||    55
 Armour: Scale mail        |    38 |    50 |     8 ||    96
  Dodge: Dodged            |    47 |    50 |    23 ||   120
  Block: Buckler           |    21 |    48 |    13 ||    82
